 Dungeon Crawl Stone Soup version 0.29-a0-1065-g47a6bb87d6 (webtiles) character file.

Game seed: 16204841023659044984

187 nickcage the Spear-Bearer (level 5, -12/38 HPs)
             Began as a Merfolk Gladiator on Aug 18, 2022.
             Mangled by Eustachio
             ... wielding a +4 rapier of electrocution
              (14 damage)
             ... on level 4 of the Dungeon.
             The game lasted 00:04:36 (2454 turns).

nickcage the Spear-Bearer (Merfolk Gladiator)       Turns: 2454, Time: 00:04:36

Health: -12/38     AC: 11    Str: 16    XL:     5   Next: 66%
Magic:  5/5        EV:  8    Int:  7    God:
Gold:   200        SH:  0    Dex: 16    Spells: 4/4 levels left

rFire   . . .      SeeInvis .   a - +0 trident
rCold   . . .      Faith    .   (no shield)
rNeg    . . .      Spirit   .   i - +0 chain mail
rPois   .          Reflect  .   c - +0 helmet
rElec   .          Harm     .   (no cloak)
rCorr   .          Rampage  .   m - +0 pair of gloves
Will    .....                   k - +0 pair of boots
Stlth   ..........              t - amulet of the acrobat
HPRegen 0.12/turn               p - ring of flight
MPRegen 0.09/turn               (no ring)

@: flying
A: (nimble swimmer 2), mertail
a: no special abilities


You were on level 4 of the Dungeon.
You visited 1 branch of the dungeon, and saw 4 of its levels.

You collected 200 gold pieces.

Inventory:

Hand Weapons
 a - a +0 trident (weapon)
Missiles
 d - 3 throwing nets
 e - a javelin
 f - 3 curare-tipped darts (quivered)
Armour
 b - a +0 leather armour
 c - a +0 helmet (worn)
 i - a +0 chain mail (worn)
 k - a +0 pair of boots (worn)
 m - a +0 pair of gloves (worn)
Jewellery
 p - a ring of flight (left hand)
 t - an amulet of the acrobat (around neck)
Scrolls
 g - a scroll of poison {unknown}
 h - a scroll of torment {unknown}
 l - a scroll of magic mapping {unknown}
 n - 2 scrolls of immolation {unknown}
 o - a scroll of enchant weapon {unknown}
 r - a scroll of identify {unknown}
 s - 2 scrolls of fog {unknown}
Potions
 j - a potion of flight {unknown}
 q - 2 potions of heal wounds {unknown}


   Skills:
 - Level 2.1 Fighting
 + Level 8.1 Polearms
 - Level 2.0 Throwing
 - Level 4.0 Dodging


You had 4 spell levels left.
You didn't know any spells.
Your spell library contained the following spells:

 Spells                   Type           Power      Damage    Failure   Level
 Freeze                   Ice            0%         1d3       100%        1
 Sublimation of Blood     Necr           0%         N/A       100%        2
 Frozen Ramparts          Ice            0%         1d1       100%        3
 Hailstorm                Conj/Ice       0%         3d3       100%        4
 Petrify                  Tmut/Erth      0%         N/A       100%        4
 Irradiate                Conj/Tmut      0%         3d11      100%        5


Dungeon Overview and Level Annotations

Branches:
Dungeon (4/15)
 Temple: D:4-7

Altars:

Annotations:
D:4 Eustachio


Innate Abilities, Weirdness & Mutations

((You are very nimble when in or above water. (Stealth+, EV+, Speed+++)))
Your lower body shifts to a powerful aquatic tail in water.


Message History

You puncture Eustachio!
Eustachio is heavily wounded.
The quokka misses you.
Eustachio casts a spell.
Eustachio blinks!
The river rat bites you but does no damage.
The quokka completely misses you.
Eustachio screams, "At last I'll have my revenge!"
The quokka completely misses you.
Eustachio hits you with a +4 rapier of electrocution.
The river rat barely misses you. The quokka completely misses you.
You closely miss Eustachio.
Eustachio is heavily wounded.
Eustachio completely misses you. The quokka bites you.
The river rat bites you but does no damage.
You hit Eustachio.
Eustachio is severely wounded.
Eustachio casts a spell.
Eustachio blinks!
The quokka barely misses you. The river rat attacks as you move away!
The river rat closely misses you. The quokka completely misses you.
Eustachio casts a spell.
The river rat attacks as you move away! The river rat closely misses you.
The river rat completely misses you. The quokka barely misses you.
Eustachio growls, "To hell with you, honourless miscreant!"
Eustachio hits you with a +4 rapier of electrocution!
* * * LOW HITPOINT WARNING * * *
The ufetubus closely misses you. The ufetubus misses you.
You see here 7 gold pieces.
You closely miss Eustachio.
Eustachio is severely wounded.
The quokka closely misses you.
The river rat bites you but does no damage.
The ufetubus hits you but does no damage.
The ufetubus hits you.
* * * LOW HITPOINT WARNING * * *
Eustachio hits you with a +4 rapier of electrocution.
* * * LOW HITPOINT WARNING * * *
You are electrocuted!
You die...

...# #.....(...#
....##.........#
....#.....[...#
..............
#.#.........#
#...........#
#....5......#
#...@@.$....#
##.rr5.......
##..#####...
#.<.# . #...#
##...# ##.?..
#..... #..#..


You could see Eustachio, an iron imp (summoned), a river rat (summoned), an
ufetubus (summoned) and a quokka (summoned).

Vanquished Creatures
  A hound (D:4)
  9 adders
  A worm (D:2)
  2 dart slugs (D:2)
  9 orcs (D:3)
  6 bats (D:1)
  6 endoplasms
  3 giant cockroaches
  2 goblins
  4 hobgoblins
  3 jackals (D:2)
  3 quokkas
  2 ball pythons
  2 frilled lizards (D:1)
  8 kobolds
  3 rats
64 creatures vanquished.

Vanquished Creatures (others)
  A fungus (D:1)
  4 plants (D:1)
5 creatures vanquished.

Grand Total: 69 creatures vanquished

Notes
Turn   | Place    | Note
-------+----------+-------------------------------------------
     0 | D:1      | nickcage the Merfolk Gladiator began the quest for the Orb.
     0 | D:1      | Reached XP level 1. HP: 16/16 MP: 1/1
   168 | D:1      | Reached XP level 2. HP: 21/22 MP: 2/2
   255 | D:1      | Reached skill level 5 in Polearms
   532 | D:1      | Found a faded altar of an unknown god.
   556 | D:1      | Reached XP level 3. HP: 24/27 MP: 3/3
   957 | D:2      | Reached skill level 6 in Polearms
  1003 | D:2      | Reached XP level 4. HP: 32/33 MP: 4/4
  1622 | D:3      | Reached skill level 7 in Polearms
  1825 | D:3      | Reached XP level 5. HP: 34/38 MP: 5/5
  2410 | D:4      | Reached skill level 8 in Polearms
  2412 | D:4      | Noticed Eustachio
  2454 | D:4      | Mangled by Eustachio

Illustrated notes

Levels and vault maps discovered:
D:1:      dpeg_arrival_windows_large_door, layout_rooms,
          shapermc_ecumenical_altar_mp_ritualfount
D:2:      layout_rooms, serial_bayou_pond_d
D:3:      layout_basic
D:4:      layout_rooms, serial_shops, shop, feat_on_display, uniq_eustachio

Skill      XL: |  1  2  3  4  5 |
---------------+----------------+-----
Polearms       | 5 6 7 8 |  8.1
Fighting       | |  2.1
Throwing       | |  2.0
Dodging        | |  4.0

Action                   |  1- 3 |  4- 6 || total
-------------------------+-------+-------++-------
Melee: Trident           |   115 |   114 ||   229
       Punch             |     2 |     1 ||     3
Armor: Leather armour    |    11 |       ||    11
       Chain mail        |    18 |    53 ||    71
Dodge: Dodged            |    82 |    56 ||   138

Table legend: (Time is in decaauts)
 A = Elapsed time spent in this place.
 B = Non-inter-level travel time spent in this place.
 C = Inter-level travel time spent in this place.
 D = Time resting spent in this place.
 E = Time spent auto-exploring this place.
 F = Levels seen in this place.
 G = Mean time per level.
                   A        B        C        D        E       F      G
               +--------+--------+--------+--------+--------+-----+--------+
         Total |   2451 |   2404 |     47 |    218 |   1729 |   4 |  612.8 |
       Dungeon |   2451 |   2404 |     47 |    218 |   1729 |   4 |  612.8 |
               +--------+--------+--------+--------+--------+-----+--------+

Top non-repeatable levels by time:
     D:1: 921 daAuts
     D:3: 814 daAuts
     D:2: 678 daAuts
     D:4: 36 daAuts
